 Dungeon Crawl Stone Soup version 0.23-a0-117-gebca68c (webtiles) character file.

74 tatocazan the Cudgeler (level 4, -4/39 HPs)
             Began as a Minotaur Monk on Aug 23, 2018.
             Slain by an orc
             ... wielding a +0 flail
              (7 damage)
             ... on level 3 of the Dungeon.
             The game lasted 00:03:49 (1399 turns).

tatocazan the Cudgeler (Minotaur Monk)              Turns: 1399, Time: 00:03:50

Health: -4/39      AC:  2    Str: 20    XL:     4   Next: 10%
Magic:  3/3        EV: 10    Int:  7    God:
Gold:   168        SH:  7    Dex: 14    Spells: 3/3 levels left

rFire    . . .     SeeInvis .   a - +0 mace
rCold    . . .     Gourm    .   o - +0 shield
rNeg     . . .     Faith    .   b - +0 robe
rPois    .         Spirit   .   (helmet restricted)
rElec    .         Reflect  .   (no cloak)
rCorr    .         Harm     .   (no gloves)
MR       .....                  (no boots)
Stlth    ++........             (no amulet)
HPRegen  0.13/turn              (no ring)
MPRegen  0.08/turn              (no ring)

@: mighty
A: retaliatory headbutt, horns 2
a: no special abilities


You were on level 3 of the Dungeon.
You were not hungry.

You visited 1 branch of the dungeon, and saw 3 of its levels.

You collected 168 gold pieces.

Inventory:

Hand Weapons
 a - a +0 mace (weapon)
Armour
 b - a +0 robe (worn)
 o - a +0 shield (worn)
Jewellery
 i - an uncursed ring of magical power {unknown}
Scrolls
 d - a scroll of noise {unknown}
 j - a scroll of magic mapping {unknown}
 k - a scroll of blinking {unknown}
 l - 5 scrolls of identify {unknown}
 m - 4 scrolls of teleportation {unknown}
 n - a scroll of random uselessness {unknown}
 r - a scroll of remove curse {unknown}
 t - a scroll of fog {unknown}
Potions
 e - 2 potions of degeneration {unknown}
 f - 2 potions of might
 h - a potion of resistance {unknown}
 p - 2 potions of invisibility {unknown}
 q - a potion of ambrosia {unknown}
 s - 3 potions of heal wounds {unknown}
Comestibles
 c - 7 rations
 g - 7 chunks of flesh


   Skills:
 - Level 3.6 Fighting
 + Level 6.0 Maces & Flails
 - Level 3.2 Dodging
 - Level 1.5 Stealth


You had 3 spell levels left.
You didn't know any spells.
Your spell library was empty.

Dungeon Overview and Level Annotations

Branches:
Dungeon (3/15)

Altars:


Innate Abilities, Weirdness & Mutations

You reflexively headbutt those who attack you in melee.
You have a pair of horns on your head.


Message History

The kobold closely misses you.
You closely miss the kobold. You block the kobold's attack.
The orc hits you with a flail.
* * * LOW HITPOINT WARNING * * *
You block the orc's attack.
There is an open door here.
It was a potion of might.
You feel very mighty all of a sudden. You block the orc's attack.
You hit the orc. You headbutt the orc.
You kill the orc!
The kobold misses you.
You barely miss the orc. The kobold barely misses you. You furiously retaliate!
You headbutt the kobold!
You kill the kobold!
You block the orc's attack.
You hit the orc. Your headbutt misses the orc.
The orc is lightly wounded.
The orc hits you with a flail!
You die...

####+#.........#
#.........+
#...).....#
#.........##
.............#
.......#####.##
.......# ##'####
.......# #.o...#
....### #.@...# ...
#.....# #.....#
#.....#
#.....#############
##.................
##########.....##
#......#
#######......#


You could see an orc.

Vanquished Creatures
  2 adders (D:3)
  2 worms (D:2)
  2 leopard geckos
  3 orcs (D:3)
  3 bats
  3 giant cockroaches
  5 goblins
  5 hobgoblins
  3 jackals (D:2)
  5 kobolds
  A ball python (D:2)
  6 frilled lizards
  5 rats
45 creatures vanquished.

Notes
Turn   | Place    | Note
-------+----------+-------------------------------------------
     0 | D:1      | tatocazan the Minotaur Monk began the quest for the Orb.
     0 | D:1      | Reached XP level 1. HP: 19/19 MP: 0/0
    97 | D:1      | Reached skill level 4 in Maces & Flails
   380 | D:1      | Reached XP level 2. HP: 26/26 MP: 1/1
   791 | D:2      | Reached skill level 5 in Maces & Flails
   894 | D:2      | Reached XP level 3. HP: 29/31 MP: 2/2
  1382 | D:3      | Reached skill level 6 in Maces & Flails
  1382 | D:3      | Reached XP level 4. HP: 19/39 MP: 3/3
  1386 | D:3      | HP: 1/39 [orc/flail (3)]
  1399 | D:3      | Slain by an orc

Vault maps used:
D:1:      minmay_arrival_shattered_statue
D:3:      grunt_gozag_breadcrumbs, first_ration

Skill      XL: |  1  2  3 |
---------------+----------+-----
Maces & Flails | 4 5 6 |  6.0
Fighting       | |  3.6
Dodging        | |  3.2
Stealth        | |  1.5

Action                   |  1- 3 |  4- 6 || total
-------------------------+-------+-------++-------
Melee: Mace              |    96 |     6 ||   102
       Headbutt          |    11 |     1 ||    12
  Use: Potion            |       |     1 ||     1
 Stab: Sleeping          |     9 |       ||     9
  Eat: Chunk             |     2 |       ||     2
Armor: Robe              |    16 |     1 ||    17
Dodge: Dodged            |    50 |     5 ||    55
Block: Shield            |    15 |     4 ||    19

Table legend:
 A = Non-vault XP
 B = Vault XP
 C = Vault XP percentage of total XP
 D = Non-vault monster count
 E = Vault monster count
 F = Vault count percentage of total count
                 A         B        C        D         E       F
            +---------+---------+-------+---------+---------+-------
      Total |     107 |       0 |   0.0 |      45 |       0 |   0.0
            +---------+---------+-------+---------+---------+-------
        D:1 |      19 |       0 |   0.0 |      12 |       0 |   0.0
        D:2 |      49 |       0 |   0.0 |      26 |       0 |   0.0
        D:3 |      39 |       0 |   0.0 |       7 |       0 |   0.0
            +---------+---------+-------+---------+---------+-------
